 Dungeon Crawl Stone Soup version 0.31-a0-1603-gbec6b6ccbf (webtiles) character file.

Game seed: 9521797372471457775

1589 experimilk the Grappler (level 8, -9/70 HPs)
             Began as a Troll Gladiator on Jan 8, 2024.
             Was an Initiate of Hepliaklqana.
             Killed by divine providence
             ... invoked by an orc priest
              (12 damage)
             ... on level 6 of the Dungeon.
             The game lasted 00:09:20 (5499 turns).

experimilk the Grappler (Troll Gladiator)           Turns: 5499, Time: 00:09:20

Health: -9/70      AC:  4    Str: 25    XL:     8   Next: 61%
Magic:  7/7        EV: 10    Int:  4    God:    Hepliaklqana [......]
Gold:   391        SH:  0    Dex: 11    Spells: 7/7 levels left

rFire   . .          .
                       - Unarmed
rCold   . . .        (no shield)
rNeg    . . .        j - +0 robe
rPois   .            b - +0 hat
rElec   .            (no cloak)
rCorr   .            (gloves unavailable)
SInv    .            (boots unavailable)
Will    .....        (no amulet)
Stlth   +            (no ring)
HPRegen 1.11/turn    (no ring)
MPRegen 0.10/turn

%: no passive effects
@: no status effects
A: large, unfitting armour, claws 3, regeneration 1, shaggy fur 1, tough skin 1
a: Renounce Religion


You were on level 6 of the Dungeon.
You worshipped Hepliaklqana.
Hepliaklqana was noncommittal.
You visited 2 branches of the dungeon, and saw 7 of its levels.
You also visited: Ossuary.

You collected 391 gold pieces.

Inventory:

Missiles
 a - 10 poisoned darts
 q - 3 throwing nets
 x - 3 boomerangs (quivered)
 z - a large rock
Armour
 b - a +0 hat (worn)
 j - a +0 robe (worn)
Wands
 m - a wand of charming (8)
Scrolls
 c - a scroll of fog {unknown}
 e - a scroll of noise
 n - 4 scrolls of fear
 p - a scroll of immolation {unknown}
 r - 2 scrolls of poison
 s - a scroll of acquirement {unknown}
 t - a scroll of enchant weapon {unknown}
 u - a scroll of vulnerability {unknown}
 w - a scroll of enchant armour {unknown}
Potions
 d - a potion of attraction {unknown}
 f - a potion of ambrosia {unknown}
 g - 2 potions of lignification
 h - a potion of mutation
 i - 4 potions of heal wounds
 k - a potion of degeneration {unknown}
 l - 3 potions of curing
 o - a potion of might {unknown}
 v - a potion of haste {unknown}


   Skills:
 - Level 1.5 Fighting
 * Level 5.2 Throwing
 - Level 2.4 Dodging
 - Level 10.0 Unarmed Combat


You had 7 spell levels left.
You didn't know any spells.
Your spell library contained the following spells:

 Spells                   Type           Power      Damage    Failure   Level
 Apportation              Tloc           0%         N/A       50%         1
 Shock                    Conj/Air       0%         1d3       50%         1
 Call Imp                 Summ           0%         N/A       65%         2
 Cigotuvi's Dreadful Rot  Necr/Alch/Air  0%         N/A       65%         2
 Jinxbite                 Hex            0%         N/A       65%         2
 Sublimation of Blood     Necr           0%         N/A       65%         2
 Hailstorm                Conj/Ice       0%         3d5       86%         3
 Summon Ice Beast         Ice/Summ       0%         N/A       86%         3
 Swiftness                Air            0%         N/A       86%         3
 Airstrike                Air            0%         2d(0-16)  99%         4
 Ignite Poison            Fire/Alch      0%         N/A       99%         4
 Alistair's Intoxication  Alch           0%         N/A       100%        5
 Freezing Cloud           Conj/Ice/Air   0%         6-21      100%        5
 Sculpt Simulacrum        Ice/Alch       0%         N/A       100%        6
 Summon Hydra             Summ           0%         N/A       100%        7


Dungeon Overview and Level Annotations

Branches:
Dungeon (6/15)             Temple (1/1) D:5         Ossuary (visited)

Altars:
Ashenzari
Cheibriados
Elyvilon
Gozag
Hepliaklqana
Kikubaaqudgha
Makhleb
Nemelex Xobeh
Okawaru
Qazlal
Ru
Sif Muna
Trog
Vehumet
Xom
Zin

Shops:
D:4 :

Annotations:
D:3 1 runed translucent door, Phlounder's ghost, amateur DrBe


Innate Abilities, Weirdness & Mutations

You are too large for most types of armour.
You have claws for hands.
Your natural rate of healing is unusually fast.
You are covered in fur. (AC +1)
You have tough skin. (AC +1)


Message History

The gnoll hits you from afar with a +0 spear!
* * * LOW HITPOINT WARNING * * *
Things that are here:
a +0 dagger; a +0 robe; a +0 club You are too injured to fight recklessly!
You are too injured to fight recklessly!
You are too injured to fight recklessly!
Unknown command.
You feel much better. The gnoll barely misses you. x2
Unknown command.
You barely miss the gnoll. You closely miss the gnoll.
The gnoll barely misses you.
The gnoll hits you from afar with a +0 spear!
You scratch the gnoll but do no damage. The gnoll closely misses you.
The gnoll hits you but does no damage.
You scratch the gnoll but do no damage. The gnoll barely misses you.
The gnoll hits you from afar with a +0 spear!
You claw the gnoll!
You kill the gnoll!
The gnoll hits you from afar with a +0 spear.
You claw the orc priest!
The orc priest is heavily wounded.
The orc priest looks braver for a moment.
The gnoll hits you from afar with a +0 spear.
* * * LOW HITPOINT WARNING * * *
An orc priest comes into view. It is wielding a +0 flail.
You claw the orc priest!
You kill the orc priest!
The orc priest closely misses you.
Items here: )) [ †.
The orc priest calls down the wrath of Beogh upon you.
Beogh smites you!
* * * LOW HITPOINT WARNING * * *
You barely miss the orc priest.
The orc priest hits you with a +0 flail!
* * * LOW HITPOINT WARNING * * *
You barely miss the orc priest.
The orc priest calls down the wrath of Beogh upon you.
Beogh smites you!
You die...

##..####.## .
.........# .
#..####..# .
########..# #..#
.......)..####..#
#..)).?....#
#)#)#####.##
####.######)#...
#.#
#......@)g..#####
#.# #.##.##o##).#
#.# #.##..# #.#
#.##..# #.#
......# #.#
#.##..# ..##..#
####..#


You could see an orc priest and a gnoll.

Vanquished Creatures
  A black bear (D:5)
  An ice beast (D:6)
  An ogre (D:3)
  A phantom (D:4)
  2 elf zombies (Ossuary)
  A spectral bullfrog (Ossuary)
  A bombardier beetle (D:3)
  2 hounds
  A jelly (D:5)
  3 centaur zombies (Ossuary)
  2 human zombies (Ossuary)
  6 orc priests
  A gnoll bouda (D:6)
  2 iguanas
  3 orc wizards (D:6)
  2 crocodile zombies (Ossuary)
  3 spectral hounds (Ossuary)
  3 mummies (Ossuary)
  9 adders
  10 gnolls
  3 hound simulacra (Ossuary)
  4 spectral adders (Ossuary)
  3 spectral gnolls (Ossuary)
  2 dart slugs (D:1)
  An adder simulacrum (Ossuary)
  13 orcs
  7 ball pythons
  9 endoplasms
  A giant cockroach (D:1)
  7 goblins
  3 hobgoblins
  4 jackals (D:5)
  4 kobolds
  8 quokkas
  3 bats
  3 frilled lizards
  3 gnoll simulacra (Ossuary)
  5 gnoll zombies (Ossuary)
  2 jackal simulacra (Ossuary)
  3 kobold zombies (Ossuary)
  8 orc zombies (Ossuary)
  8 rats
  A spectral jackal (Ossuary)
160 creatures vanquished.

Notes
Turn   | Place    | Note
-------+----------+-------------------------------------------
     0 | D:1      | experimilk the Troll Gladiator began the quest for the Orb.
     0 | D:1      | Reached XP level 1. HP: 19/19 MP: 0/0
   136 | D:1      | Reached XP level 2. HP: 27/27 MP: 1/1
   319 | D:1      | Reached skill level 4 in Unarmed Combat
   658 | D:2      | Found a snail-covered altar of Cheibriados.
   789 | D:2      | Reached XP level 3. HP: 29/33 MP: 2/2
  1016 | D:2      | Found a faded altar of an unknown god.
  1277 | D:3      | Reached XP level 4. HP: 33/41 MP: 3/3
  1315 | D:3      | Reached skill level 5 in Unarmed Combat
  1363 | D:3      | Noticed an ogre
  1367 | D:3      | Killed an ogre
  1368 | D:3      | Reached XP level 5. HP: 48/48 MP: 4/4
  1401 | D:3      | Reached skill level 6 in Unarmed Combat
  1436 | D:3      | Found a runed translucent door.
  1436 | D:3      | Noticed Phlounder's ghost (amateur DrBe)
  2024 | D:4      | Found Loleokol's Book Shop.
  2314 | D:4      | Noticed a phantom
  2322 | D:4      | Killed a phantom
  2323 | D:4      | Reached XP level 6. HP: 55/55 MP: 5/5
  2359 | D:4      | Reached skill level 7 in Unarmed Combat
  2810 | D:5      | Entered Level 5 of the Dungeon
  2924 | D:5      | Found a sand-covered staircase.
  2929 | Ossuary  | Entered an ossuary
  3182 | Ossuary  | Reached skill level 8 in Unarmed Combat
  3182 | Ossuary  | Reached XP level 7. HP: 51/60 MP: 6/6
  3718 | Ossuary  | Reached skill level 9 in Unarmed Combat
  4056 | D:5      | Reached XP level 8. HP: 52/70 MP: 7/7
  4059 | D:5      | Reached skill level 10 in Unarmed Combat
  4109 | D:5      | Identified the +2 trident of Osoaz {elec, MP+9 Str+2}
  4660 | D:5      | Found a staircase to the Ecumenical Temple.
  4733 | Temple   | Entered the Ecumenical Temple
  4810 | Temple   | Became a worshipper of Hepliaklqana the Forgotten
  5485 | D:6      | Reached skill level 5 in Throwing
  5498 | D:6      | HP: 2/70 [orc priest/+0 flail (10)]
  5499 | D:6      | Killed from afar by an orc priest

Illustrated notes

Levels and vault maps discovered:
D:1:      nzn_arrival_crosshair, layout_basic, chequers_serial_rivers_micro_d
D:2:      layout_rooms, basic_altar, shapermc_ecumenical_altar_flowoftime
D:3:      layout_loops_ring, hellmonk_ghost_happy_afterlife,
          serial_bayou_pond_a, minivault_27, minmay_shallow_snake_nest
D:4:      layout_cave_pods, serial_shops, shop, nicolae_kite_square_tiling_tiny,
          kennysheep_diamond, dk_rats_in_the_wall
D:5:      layout_rooms, minmay_temple_entry_fiery, enter_ossuary_2, st_stairs_2
D:6:      layout_loops_ring, serial_shops, nicolae_inconvenience_store,
          nicolae_underground_beach
Temple:   minmay_temple_bridge_d

Skill      XL: |  1  2  3  4  5  6  7  8 |
---------------+-------------------------+-----
Unarmed Combat | 4 5 6 8 9 10 | 10.0
Throwing       | 5 |  5.2
Fighting       | |  1.5
Dodging        | |  2.4

Action                     |  1- 3 |  4- 6 |  7- 9 || total
---------------------------+-------+-------+-------++-------
  Melee: Unarmed           |    93 |   153 |   207 ||   453
         Punch             |     1 |     3 |     5 ||     9
  Throw: Dart              |       |     3 |     3 ||     6
         Large rock        |       |       |     1 ||     1
         Boomerang         |       |       |     3 ||     3
    Use: Scroll            |     3 |     3 |     4 ||    10
         Potion            |       |       |     1 ||     1
   Stab: Sleeping          |       |     1 |       ||     1
 Armour: Robe              |    35 |    91 |   145 ||   271
  Dodge: Dodged            |    36 |    78 |    96 ||   210

Table legend: (Time is in decaauts)
 A = Elapsed time spent in this place.
 B = Non-inter-level travel time spent in this place.
 C = Inter-level travel time spent in this place.
 D = Time resting spent in this place.
 E = Time spent auto-exploring this place.
 F = Levels seen in this place.
 G = Mean time per level.
                   A        B        C        D        E       F      G
               +--------+--------+--------+--------+--------+-----+--------+
         Total |   5438 |   5094 |    344 |   1134 |   2869 |   8 |  679.8 |
       Dungeon |   4278 |   4071 |    207 |    624 |   2732 |   6 |  713.0 |
        Temple |    148 |     11 |    137 |      0 |      0 |   1 |  148.0 |
       Ossuary |   1011 |   1011 |      0 |    510 |    137 |   1 | 1011.0 |
               +--------+--------+--------+--------+--------+-----+--------+

Top non-repeatable levels by time:
 Ossuary: 1011 daAuts
     D:4: 1007 daAuts
     D:5: 763 daAuts
     D:3: 711 daAuts
     D:1: 641 daAuts
     D:2: 579 daAuts
     D:6: 574 daAuts
  Temple: 148 daAuts
